 Dungeon Crawl Stone Soup version 0.26-a0-850-g97a50ab700 (webtiles) character file.

Game seed: 9098346202351585083

2880 mhtbhm the Basher (level 9, -12/55 HPs)
             Began as a Gargoyle Fighter on Nov 20, 2020.
             Was a Priest of Elyvilon.
             Mangled by an orc warrior
             ... wielding a +0 halberd
              (14 damage)
             ... on level 8 of the Dungeon.
             The game lasted 00:13:30 (8589 turns).

mhtbhm the Basher (Gargoyle Fighter)                Turns: 8589, Time: 00:13:31

Health: -12/55     AC: 21    Str: 24    XL:     9   Next: 76%
Magic:  9/9        EV: 10    Int:  8    God:    Elyvilon [***...]
Gold:   408        SH: 11    Dex:  9    Spells: 8/8 levels left

rFire    . . .     SeeInvis .   a - +3 flail (protect)
rCold    + . .     Faith    .   c - +0 kite shield
rNeg     + . .     Spirit   .   b - +2 ring mail {rC+}
rPois    ∞         Reflect  .   (no helmet)
rElec    +         Harm     .   (no cloak)
rCorr    .         Rampage  .   (no gloves)
MR       .....                  (no boots)
Stlth    +.........             (no amulet)
HPRegen  0.18/turn              p - ring of stealth
MPRegen  0.11/turn              (no ring)

@: protection aura, studying Invocations
A: negative energy resistance 1, electricity resistance, unbreathing,
petrification resistance, rot immunity, AC +6
a: Lesser Healing, Heal Other, Purification, Divine Protection, Renounce
Religion


You were on level 8 of the Dungeon.
You worshipped Elyvilon.
Elyvilon was most pleased with you.
You visited 2 branches of the dungeon, and saw 9 of its levels.
You also visited: Ossuary.

You collected 408 gold pieces.

Inventory:

Hand Weapons
 a - a +3 flail of protection (weapon)
Missiles
 q - a throwing net (quivered)
Armour
 b - a +2 ring mail of cold resistance (worn)
 c - a +0 kite shield (worn)
Jewellery
 k - an uncursed ring of see invisible {unknown}
 p - a ring of stealth (left hand)
 C - an uncursed amulet of guardian spirit {unknown}
 E - an uncursed ring of fire {unknown}
Wands
 y - a wand of iceblast (8)
 B - a wand of digging (7)
Scrolls
 e - 2 scrolls of amnesia
 g - 2 scrolls of immolation
 h - 3 scrolls of remove curse
 i - 7 scrolls of teleportation
 m - a scroll of enchant armour
 n - 3 scrolls of magic mapping
 r - 3 scrolls of enchant weapon
 s - 3 scrolls of identify
 w - a scroll of acquirement {unknown}
 A - a scroll of blinking {unknown}
 D - a scroll of silence {unknown}
Potions
 d - 6 potions of might
 f - a potion of flight
 j - 2 potions of berserk rage
 l - 5 potions of curing
 o - a potion of mutation
 u - a potion of invisibility {unknown}
 v - a potion of haste
 x - a potion of ambrosia {unknown}
 z - 2 potions of magic {unknown}
Books
 t - a manual of Invocations


   Skills:
 + Level 6.2 Fighting
 + Level 8.7 Maces & Flails
 + Level 5.9 Armour
 + Level 3.5 Dodging
 + Level 7.4 Shields


You had 8 spell levels left.
You didn't know any spells.
Your spell library contained the following spells:

 Spells                   Type           Power        Failure   Level
 Foxfire                  Conj/Fire      #...         86%         1
 Freeze                   Ice            #...         86%         1
 Conjure Flame            Conj/Fire      #.......     99%         3
 Frozen Ramparts          Ice            #.....       99%         3
 Inner Flame              Hex/Fire       #.......     99%         3
 Ozocubu's Armour         Ice            #.......     99%         3
 Hailstorm                Conj/Ice       #.......     100%        4
 Sticky Flame             Conj/Fire      #.......     100%        4
 Summon Ice Beast         Ice/Summ       #.......     100%        4
 Fireball                 Conj/Fire      #.........   100%        5


Dungeon Overview and Level Annotations

Branches:
Dungeon (8/15)             Temple (1/1) D:7         Ossuary (visited)
   Lair: D:8-11

Altars:
Ashenzari
Dithmenos
Elyvilon
Fedhas
Gozag
Kikubaaqudgha
Makhleb
Nemelex Xobeh
Okawaru
Ru
Sif Muna
Trog
Uskayaw
Vehumet
Wu Jian
Xom
Yredelemnul
Zin
The Shining One


Innate Abilities, Weirdness & Mutations

You are resistant to torment.
Your stone body is resilient. (AC +6)
You are immune to poison.
You resist negative energy. (rN+)
You are resistant to electric shocks. (rElec)
You can survive without breathing.
You are immune to petrification.
You are immune to rotting.


Message History

You hit the orc warrior.
Your weapon exudes an aura of protection.
The orc warrior is lightly wounded.
You block the orc warrior's attack.
You hit the orc warrior but do no damage.
The orc warrior is lightly wounded.
You block the orc warrior's attack.
You hit the orc warrior but do no damage.
The orc warrior is lightly wounded.
The orc warrior hits you with a +0 halberd!
* * * LOW HITPOINT WARNING * * *
You hit the orc warrior but do no damage.
The orc warrior is lightly wounded.
You completely miss the orc warrior.
The orc warrior is lightly wounded.
You block the orc warrior's attack.
You closely miss the orc warrior.
The orc warrior is lightly wounded.
The orc warrior hits you with a +0 halberd!
You die...

######### #########
....#..# ....... ...#..
...... #.##.# #####....#
#####.##.###..##....# #
...#..........#.....##...
...#..........#..........
...#..........#.@o.......
#..##...###..###)##.###..
#..##...###..###<##.###
...#....+.........[.....
...'....#......)........
#..##...###############.
#..##...#### ...........#
...........#


You could see an orc warrior.

Vanquished Creatures
  An elephant (D:8)
  A wyvern (D:8)
  A basilisk (D:8)
  Menkaure (Ossuary)
  An orc warrior (D:7)
  A black bear (D:7)
  An ice beast (D:6)
  2 ogres
  3 phantoms
  3 bullfrogs
  2 scorpions
  A howler monkey (D:5)
  A centaur zombie (D:6)
  3 hounds
  A quasit (D:8)
  An orc priest (D:5)
  2 orc wizards
  3 centaur skeletons
  5 iguanas
  5 worker ants
  Terence (D:2)
  Natasha (thrice) (D:2)
  3 mummies (Ossuary)
  15 gnolls
  A howler monkey skeleton (D:7)
  7 adders
  A shadow imp (D:5)
  2 white imps
  4 ufetubi
  An ooze (D:2)
  An adder zombie (D:6)
  3 adder skeletons
  4 worms
  A dart slug (D:1)
  5 leopard geckos
  5 orcs
  A ball python (D:2)
  5 giant cockroaches
  7 goblins
  3 hobgoblins
  5 jackals
  2 quokkas
  A ball python zombie (D:5)
  5 bats
  3 frilled lizards
  A giant cockroach zombie (D:5)
  4 gnoll skeletons (Ossuary)
  2 gnoll zombies (Ossuary)
  3 goblin skeletons (Ossuary)
  9 goblin zombies (Ossuary)
  4 hobgoblin skeletons (Ossuary)
  A hobgoblin zombie (Ossuary)
  15 kobolds
  3 kobold skeletons (Ossuary)
  4 kobold zombies (Ossuary)
  6 orc skeletons (Ossuary)
  3 orc zombies (Ossuary)
  8 rats
  5 rat skeletons (Ossuary)
  6 rat zombies (Ossuary)
202 creatures vanquished.

Vanquished Creatures (others)
  An adder (D:3)
  5 plants
  4 toadstools (D:1)
  A withered plant (D:6)
11 creatures vanquished.

Grand Total: 213 creatures vanquished

Notes
Turn   | Place    | Note
-------+----------+-------------------------------------------
     0 | D:1      | mhtbhm the Gargoyle Fighter began the quest for the Orb.
     0 | D:1      | Reached XP level 1. HP: 14/14 MP: 1/1
   425 | D:1      | Reached XP level 2. HP: 19/19 MP: 2/2
   942 | D:3      | Reached XP level 3. HP: 2/23 MP: 3/3
  1460 | D:3      | Found a sparkling altar of Nemelex Xobeh.
  1679 | D:2      | Reached XP level 4. HP: 20/29 MP: 4/4
  2007 | D:2      | Noticed Terence
  2021 | D:2      | Killed Terence
  2022 | D:2      | Reached skill level 3 in Maces & Flails
  2284 | D:3      | Found a radiant altar of Vehumet.
  2633 | D:2      | Reached XP level 5. HP: 24/33 MP: 5/5
  2637 | D:2      | Reached skill level 1 in Dodging
  2853 | D:2      | Noticed Natasha
  2865 | D:2      | Killed Natasha
  2948 | D:2      | Noticed Natasha
  2956 | D:2      | Killed Natasha
  3099 | D:2      | Found an iron altar of Okawaru.
  3120 | D:2      | Reached XP level 6. HP: 39/39 MP: 6/6
  3240 | D:2      | Noticed Natasha
  3252 | D:2      | Killed Natasha
  4821 | D:4      | Reached skill level 4 in Maces & Flails
  4945 | D:4      | Found a white marble altar of Elyvilon.
  4945 | D:4      | Found a shimmering blue altar of Sif Muna.
  5023 | D:4      | Became a worshipper of Elyvilon the Healer
  5052 | D:4      | Reached XP level 7. HP: 44/44 MP: 7/7
  5298 | D:5      | Entered Level 5 of the Dungeon
  5315 | D:5      | Reached skill level 5 in Shields
  5381 | D:5      | Reached skill level 5 in Maces & Flails
  5401 | D:5      | Found a sand-covered staircase.
  5427 | Ossuary  | Entered an ossuary
  5700 | Ossuary  | Reached * piety under Elyvilon
  5740 | Ossuary  | Noticed Menkaure
  5751 | Ossuary  | Killed Menkaure
  5752 | Ossuary  | Reached skill level 5 in Fighting
  6023 | D:5      | Reached XP level 8. HP: 49/49 MP: 8/8
  6042 | D:5      | Reached skill level 6 in Maces & Flails
  6398 | D:6      | Found a basalt altar of Yredelemnul.
  6465 | D:6      | Reached skill level 5 in Armour
  6576 | D:6      | Reached ** piety under Elyvilon
  6663 | D:6      | Reached skill level 7 in Maces & Flails
  7213 | D:7      | Found a burning altar of Makhleb.
  7279 | D:7      | Reached XP level 9. HP: 42/55 MP: 9/9
  7578 | D:7      | Found an ancient bone altar of Kikubaaqudgha.
  7736 | D:7      | Reached *** piety under Elyvilon
  7761 | D:7      | Found a shimmering altar of Xom.
  7794 | D:7      | Reached skill level 8 in Maces & Flails
  7794 | D:7      | Found a staircase to the Ecumenical Temple.
  7811 | Temple   | Entered the Ecumenical Temple
  8118 | D:8      | Noticed an elephant
  8166 | D:8      | Killed an elephant
  8586 | D:8      | HP: 1/55 [orc warrior/+0 halberd (9)]
  8589 | D:8      | Mangled by an orc warrior

Illustrated notes

Levels and vault maps discovered:
D:1:      ldierk_walled_garden_2, layout_loops_ring, minmay_pentomino_v2
D:2:      wander_river, layout_basic, serial_forest,
          infiniplex_forest_lined_room_2, infiniplex_forest_clump_C,
          infiniplex_forest_clump_double, infiniplex_forest_lined_1,
          infiniplex_forest_clump_medium, infiniplex_forest_lined_4_way,
          infiniplex_forest_straight_1, hangedman_decor_slide_cut,
          minmay_misc_feat_x, okawaru_metal_pillars_1_2, uniq_terence,
          uniq_natasha
D:3:      layout_loops_ring, fiery_altar_vehumet, nemelex_diamond_rough_becter
D:4:      layout_rooms, gammafunk_temple_overflow_statue
D:5:      layout_basic, nicolae_ossuary_entry_ruins, minmay_manual_monolith
D:6:      layout_basic, chequers_serial_rivers_large_a,
          yredelemnul_altar_generic
D:7:      layout_basic, kiku_gazebo_pond_becter, kennysheep_mini,
          bloody_makhleb, minmay_temple_entry_statues, minmay_unpleasant_kobolds
D:8:      layout_gridville, david_lair_generic
Temple:   hc_temple_tempest_star

Skill      XL: |  1  2  3  4  5  6  7  8  9 |
---------------+----------------------------+-----
Shields        | 4 5 6 7 |  7.4
Maces & Flails | 3 4 5 7 8 |  8.7
Fighting       | 4 5 6 |  6.2
Dodging        | 1 2 3 |  3.5
Armour         | 4 5 |  5.9

Action                   |  1- 3 |  4- 6 |  7- 9 || total
-------------------------+-------+-------+-------++-------
Melee: Flail             |   116 |   237 |   537 ||   890
  Use: Scroll            |       |     9 |     6 ||    15
       Potion            |       |       |     1 ||     1
Armor: Ring mail         |    68 |    89 |   306 ||   463
       Scale mail        |     1 |       |       ||     1
Dodge: Dodged            |    37 |    86 |   238 ||   361
Block: Kite shield       |    65 |   124 |   323 ||   512

Table legend: (Time is in decaauts)
 A = Elapsed time spent in this place.
 B = Non-inter-level travel time spent in this place.
 C = Inter-level travel time spent in this place.
 D = Time resting spent in this place.
 E = Time spent auto-exploring this place.
 F = Levels seen in this place.
 G = Mean time per level.
                   A        B        C        D        E       F      G
               +--------+--------+--------+--------+--------+-----+--------+
         Total |   8890 |   8858 |     32 |   1921 |   4358 |  10 |  889.0 |
       Dungeon |   8152 |   8120 |     32 |   1918 |   3990 |   8 | 1019.0 |
        Temple |    302 |    302 |      0 |      0 |    155 |   1 |  302.0 |
       Ossuary |    435 |    435 |      0 |      3 |    213 |   1 |  435.0 |
               +--------+--------+--------+--------+--------+-----+--------+

Top non-repeatable levels by time:
     D:3: 2392 daAuts
     D:2: 1693 daAuts
     D:6: 828 daAuts
     D:1: 814 daAuts
     D:5: 711 daAuts
     D:7: 672 daAuts
     D:4: 563 daAuts
     D:8: 476 daAuts
 Ossuary: 435 daAuts
  Temple: 302 daAuts
